 Dungeon Crawl Stone Soup version 0.29-a0-664-gff9cad4a3d (webtiles) character file.

Game seed: 9669588614555682686

316 xian the Skirmisher (level 6, 0/48 HPs)
             Began as a Demonspawn Fighter on June 23, 2022.
             Succumbed to an orc wizard's poison
             ... on level 4 of the Dungeon.
             The game lasted 00:09:55 (3278 turns).

xian the Skirmisher (Demonspawn Fighter)            Turns: 3278, Time: 00:09:55

Health: 0/48       AC: 11    Str: 25    XL:     6   Next: 20%
Magic:  6/6        EV:  6    Int:  9    God:
Gold:   206        SH:  8    Dex: 12    Spells: 5/5 levels left

rFire   . . .      SeeInvis .   a - +0 long sword
rCold   + . .      Faith    .   c - +0 buckler
rNeg    . . .      Spirit   .   s - +0 plate armour
rPois   .          Reflect  .   (no helmet)
rElec   +          Harm     .   (no cloak)
rCorr   +          Rampage  .   (no gloves)
Will    .....                   (no boots)
Stlth   ..........              (no amulet)
HPRegen 0.16/turn               b - +6 ring of strength
MPRegen 0.10/turn               x - ring "Noasmam" {Wiz rElec rC+ rCorr}

@: lethally poisoned (0 -> -14)
A: large bone plates 1, powered by pain 1
a: no special abilities


You were on level 4 of the Dungeon.
You visited 1 branch of the dungeon, and saw 4 of its levels.

You collected 206 gold pieces.

Inventory:

Hand Weapons
 a - a +0 long sword (weapon)
Missiles
 f - 2 boomerangs (quivered)
 l - 4 poisoned darts
 v - 6 boomerangs of dispersal
Armour
 c - a +0 buckler (worn)
 s - a +0 plate armour (worn)
 u - a +0 pair of gloves
Jewellery
 b - a +6 ring of strength (left hand)
 x - the ring "Noasmam" (right hand) {Wiz rElec rC+ rCorr}
   (You found it on level 3 of the Dungeon)

   [ring of wizardry]

   It improves your spell success rate.
   rC:        It protects you from cold.
   rElec:     It insulates you from electricity.
   rCorr:     It protects you from acid and corrosion.
Wands
 w - a wand of mindburst (18)
Scrolls
 e - a scroll of immolation
 i - a scroll of teleportation
 m - a scroll of identify
 n - 4 scrolls of fog
 o - a scroll of noise {unknown}
 r - a scroll of vulnerability {unknown}
 y - a scroll of enchant armour {unknown}
Potions
 d - a potion of might
 g - a potion of flight {unknown}
 h - a potion of cancellation {unknown}
 j - 2 potions of brilliance
 k - a potion of mutation {unknown}
 p - 2 potions of degeneration {unknown}
 q - a potion of heal wounds {unknown}
 t - a potion of curing {unknown}
 z - a potion of ambrosia {unknown}


   Skills:
 + Level 4.0 Fighting
 + Level 3.8 Long Blades
 + Level 3.9 Armour
 + Level 0.7 Dodging
 + Level 0.2 Stealth
 + Level 3.5 Shields


You had 5 spell levels left.
You didn't know any spells.
Your spell library was empty.

Dungeon Overview and Level Annotations

Branches:
Dungeon (4/15)
 Temple: D:4-7

Altars:

Shops:
D:1 (


Innate Abilities, Weirdness & Mutations

You are partially covered in large bone plates. (SH +4)
You sometimes gain a little power by taking damage.


Message History

You hit the orc but do no damage. The orc hits you with a +0 dagger.
* * * LOW HITPOINT WARNING * * *
Okay, then.
You barely miss the orc. The orc hits you but does no damage.
You slash the orc!
You kill the orc!
You hit the orc but do no damage. The orc hits you with a +0 short sword.
* * * LOW HITPOINT WARNING * * *
You hit the orc.
The orc is severely wounded.
The orc hits you but does no damage.
You completely miss the orc.
The orc is severely wounded.
You block the orc's attack.
You completely miss the orc.
The orc is severely wounded.
The orc hits you but does no damage. The orc hits you with a +0 short sword.
* * * LOW HITPOINT WARNING * * *
You hit the orc.
You kill the orc!
You slash the orc wizard!
The orc wizard is heavily wounded.
The orc wizard hits you but does no damage.
You are lethally poisoned!
You hit the orc wizard.
The orc wizard is heavily wounded.
* * * LOW HITPOINT WARNING * * *
You feel very sick. The orc wizard barely misses you.
You hit the orc wizard.
The orc wizard is severely wounded.
* * * LOW HITPOINT WARNING * * *
You feel sick.
The orc wizard gestures wildly while chanting.
The orc wizard flickers and vanishes!
Deactivating autopickup; reactivate with Ctrl-A.
Something hits you but does no damage.
You are more poisoned.
You miss something.
You die...

...#..#....# # ...#..#
##.# .# #.#..# ####
####.## ##....#.....
... . ..#..........
..#.#
....o###########.#.#
..............)....#
.....###########{#.....
.....## #@# ### ......#
#.# ......# ..# ......#
...# #.....# ....#
#.....##### .....#
#................+
##...#.####......#
##...#..#


There were no monsters in sight!

Vanquished Creatures
  A phantom (D:4)
  2 scorpions
  Terence (D:2)
  3 gnolls (D:2)
  An adder (D:2)
  2 dart slugs (D:2)
  4 orcs
  7 bats
  7 endoplasms
  5 giant cockroaches
  4 goblins
  4 hobgoblins
  2 jackals (D:1)
  A quokka (D:3)
  4 ball pythons (D:1)
  4 frilled lizards
  4 kobolds
  3 rats
59 creatures vanquished.

Notes
Turn   | Place    | Note
-------+----------+-------------------------------------------
     0 | D:1      | xian the Demonspawn Fighter began the quest for the Orb.
     0 | D:1      | Reached XP level 1. HP: 18/18 MP: 1/1
   168 | D:1      | Gained mutation: You are partially covered in large bone
                  | plates. (SH +4) [demonic ancestry]
   168 | D:1      | Reached XP level 2. HP: 9/24 MP: 2/2
   407 | D:1      | Found Tuanton's Antique Weapon Emporium.
   520 | D:1      | Found a faded altar of an unknown god.
   942 | D:2      | Reached XP level 3. HP: 27/29 MP: 3/3
  1182 | D:2      | Noticed a scorpion
  1192 | D:2      | Killed a scorpion
  1193 | D:2      | Reached XP level 4. HP: 30/36 MP: 4/4
  1329 | D:2      | Noticed Terence
  1346 | D:2      | Killed Terence
  1347 | D:2      | Reached XP level 5. HP: 17/42 MP: 5/5
  2993 | D:3      | Identified the ring "Noasmam" {Wiz rElec rC+ rCorr}
  3182 | D:4      | Noticed a phantom
  3211 | D:4      | Killed a phantom
  3230 | D:4      | Reached skill level 4 in Fighting
  3230 | D:4      | Gained mutation: You sometimes gain a little power by
                  | taking damage. [demonic ancestry]
  3230 | D:4      | Reached XP level 6. HP: 13/48 MP: 6/6
  3278 | D:4      | Succumbed to an orc wizard's poison

Illustrated notes

Levels and vault maps discovered:
D:1:      minmay_arrival_stair_chambers, layout_rooms, serial_shops,
          nicolae_shop_window_shopping, shapermc_ecumenical_altar_gd
D:2:      layout_basic, kennysheep_nondescript, uniq_terence
D:3:      layout_loops_ring
D:4:      layout_basic, minitemple, gammafunk_ghost_grave, uniq_natasha,
          uniq_eustachio

Skill      XL: |  1  2  3  4  5 |
---------------+----------------+-----
Armour         | 3 |  3.9
Long Blades    | 2 3 |  3.8
Shields        | 3 |  3.5
Fighting       | 4 |  4.0
Dodging        | |  0.7
Stealth        | |  0.2

Action                   |  1- 3 |  4- 6 || total
-------------------------+-------+-------++-------
Melee: Long sword        |    77 |   125 ||   202
  Use: Scroll            |       |     4 ||     4
Armor: Scale mail        |    40 |    19 ||    59
       Plate armour      |       |    40 ||    40
Dodge: Dodged            |    39 |    40 ||    79
Block: Buckler           |    45 |    69 ||   114

Table legend: (Time is in decaauts)
 A = Elapsed time spent in this place.
 B = Non-inter-level travel time spent in this place.
 C = Inter-level travel time spent in this place.
 D = Time resting spent in this place.
 E = Time spent auto-exploring this place.
 F = Levels seen in this place.
 G = Mean time per level.
                   A        B        C        D        E       F      G
               +--------+--------+--------+--------+--------+-----+--------+
         Total |   3337 |   3318 |     19 |      2 |   2198 |   4 |  834.2 |
       Dungeon |   3337 |   3318 |     19 |      2 |   2198 |   4 |  834.2 |
               +--------+--------+--------+--------+--------+-----+--------+

Top non-repeatable levels by time:
     D:2: 1551 daAuts
     D:1: 957 daAuts
     D:3: 723 daAuts
     D:4: 105 daAuts
